 Dungeon Crawl Stone Soup version 0.30.1 (webtiles) character file.

Game seed: 10195237712264107830

3 Arctor the Insei (level 1, -1/13 HPs)
             Began as an Octopode Transmuter on July 9, 2023.
             Frozen to death by an endoplasm (5 damage)
             ... on level 1 of the Dungeon.
             The game lasted 00:00:05 (149 turns).

Arctor the Insei (Octopode Transmuter)               Turns: 149, Time: 00:00:06

Health: -1/13      AC:  1    Str:  9    XL:     1   Next: 50%
Magic:  3/3        EV: 13    Int: 15    God:
Gold:   15         SH:  0    Dex: 12    Spells: 3/4 levels left

rFire   . .          .
                       - Unarmed
rCold   . . .        (no shield)
rNeg    . . .        (helmet restricted)
rPois   .            (no amulet)
rElec   .            (no ring)
rCorr   .            (no ring)
SInv    .            (no ring)
Will    .....        (no ring)
Stlth   ++           (no ring)
HPRegen 0.22/turn    (no ring)
MPRegen 0.08/turn    (no ring)
                     (no ring)

%: no passive effects
@: no status effects
A: almost no armour, amphibious, 8 rings, camouflage 1, gelatinous body 1,
(nimble swimmer 1), tentacles
a: no special abilities


You were on level 1 of the Dungeon.
You visited 1 branch of the dungeon, and saw 1 of its levels.

You collected 15 gold pieces.

Inventory:

Potions
 a - a potion of lignification
 b - a potion of haste {unknown}
 c - a potion of curing {unknown}
 d - a potion of brilliance {unknown}


   Skills:
 + Level 1.1 Fighting
 + Level 2.0 Dodging
 + Level 3.0 Unarmed Combat
 + Level 2.0 Spellcasting
 + Level 2.0 Transmutations


You had 3 spell levels left.
You knew the following spells:

 Your Spells              Type           Power      Damage    Failure   Level
a - Beastly Appendage     Tmut           14%        N/A       10%         1

Your spell library contained the following spells:

 Spells                   Type           Power      Damage    Failure   Level
 Wereblood                Tmut           7%         N/A       14%         2
 Spider Form              Tmut/Pois      4%         N/A       41%         3
 Ice Form                 Ice/Tmut       4%         N/A       82%         4


Dungeon Overview and Level Annotations

Branches:
Dungeon (1/15)

Altars:


Innate Abilities, Weirdness & Mutations

You cannot wear most types of armour.
You are amphibious.
You can wear up to eight rings at the same time.
Your skin changes colour to match your surroundings (Stealth+).
Your rubbery body absorbs attacks. (AC +1, EV +1)
((You are camouflaged when in or above water. (Stealth+)))
You have tentacles for arms and can constrict up to eight enemies at once.


Message History

You constrict the giant cockroach, but do no damage.
The giant cockroach barely misses you.
You miscast Beastly Appendage.
You are very lightly contaminated with residual magic.
Nothing appears to happen.
You constrict the giant cockroach.
The giant cockroach bites you but does no damage.
The giant cockroach barely misses you.
You tentacle-slap the giant cockroach. You squeeze the giant cockroach.
You kill the giant cockroach!
No target in view!
Your magical contamination has completely faded away.
An endoplasm comes into view.
Found an escape hatch in the floor.
The endoplasm quivers.
An endoplasm is nearby!
You tentacle-slap the endoplasm.
The endoplasm is moderately wounded.
The endoplasm freezes you.
You are frozen.
An endoplasm is nearby!
You tentacle-slap the endoplasm.
The endoplasm is heavily wounded.
The endoplasm freezes you.
You are frozen.
You are too injured to fight recklessly!
You are too injured to fight recklessly!
You are too injured to fight recklessly!
An endoplasm is nearby!
You are too injured to fight recklessly!
An endoplasm is nearby!
You are too injured to fight recklessly!
Unknown command.
You tentacle-slap the endoplasm but do no damage.
The endoplasm is heavily wounded.
The endoplasm barely misses you.
You barely miss the endoplasm.
The endoplasm is heavily wounded.
The endoplasm freezes you.
You are frozen.
You die...

#....# #.#
## #.####
#.# #.#
#.# #.#
#.# #.#
#.# #.#
#.# #.#
#..
#.########
###
#.@J...>..
##########


You could see an endoplasm.

Vanquished Creatures
  2 giant cockroaches (D:1)
  A bat (D:1)
3 creatures vanquished.

Notes
Turn   | Place    | Note
-------+----------+-------------------------------------------
     0 | D:1      | Arctor the Octopode Transmuter began the quest for the Orb.
     0 | D:1      | Reached XP level 1. HP: 13/13 MP: 3/3
   149 | D:1      | Frozen to death by an endoplasm

Illustrated notes

Levels and vault maps discovered:
D:1:      scummos_arrival_gate, layout_loops_ring, st_stairs_1, minivault_24

Action                     || total
---------------------------++-------
  Melee: Unarmed           ||    13
         Constrict         ||     3
         Tentacles         ||     2
   Cast: Beastly Appendage ||     3
   Stab: Sleeping          ||     1
 Armour: Skin              ||     2
  Dodge: Dodged            ||    12
